 Dungeon Crawl Stone Soup version 0.17-a0-2122-g03d97ec (webtiles) character file.

4837 brucemayne the Cleaver (level 10, 0/77 HPs)
             Began as a Demonspawn Berserker on Oct 21, 2015.
             Was a Priest of Trog.
             Slain by a gnoll
             ... wielding a +2 halberd of electrocution
              (18 damage)
             ... in a bailey.
             The game lasted 00:16:27 (2606 turns).

brucemayne the Cleaver (Demonspawn Berserker)       Turns: 2606, Time: 00:16:28

Health: 0/77       AC: 12    Str: 20    XL:     10   Next: 25%
Magic:  10/10      EV:  8    Int:  9    God:    Trog [***...]
Gold:   240        SH:  0    Dex: 13    Spells: 0 memorised, 9 levels left

rFire  . . .     SeeInvis .     k - +0 war axe
rCold  . . .     Clarity  .     g - +0 chain mail
rNeg   . . .     SustAt   .     (no shield)
rPois  .         Gourm    .     (helmet restricted)
rElec  .         Spirit   .     (no cloak)
rCorr  .         Warding  .     z - +0 pair of gloves
rMut   .         Stasis   .     B - +1 pair of boots
MR     .....                    (no amulet)
Stlth  ..........               (no ring)
                                (no ring)

@: not resistant to hostile enchantments, extremely unstealthy
A: horns 1, demonic guardian 1, powered by death 2
a: Berserk, Trog's Hand, Burn Spellbooks, Renounce Religion


You were in a bailey.
You worshipped Trog.
Trog was most pleased with you.
You were not hungry.

You visited 1 branch of the dungeon, and saw 10 of its levels.
You also visited: Ossuary and Bailey.

You collected 240 gold pieces.

Inventory:

Hand Weapons
 a - a +0 hand axe
 k - a +0 war axe (weapon)
 m - a +0 war axe
 p - a +3 hand axe
Missiles
 o - 3 throwing nets (quivered)
 y - 7 javelins of returning
 E - 11 tomahawks of returning
Armour
 b - a +0 animal skin
 e - a +0 ring mail
 g - a +0 chain mail (worn)
 z - a +0 pair of gloves (worn)
 B - a +1 pair of boots (worn)
Jewellery
 A - an uncursed ring of wizardry
Wands
 h - a wand of lightning (2)
 j - a wand of fireball (13)
 l - a wand of enslavement (9)
 C - a wand of frost (26)
 H - a wand of paralysis (9)
Scrolls
 d - 9 scrolls of teleportation
 r - a scroll of remove curse
 t - a scroll of magic mapping {unknown}
 D - a scroll of enchant armour {unknown}
 F - a scroll of noise {unknown}
Potions
 n - a potion of resistance {unknown}
 q - a potion of invisibility
 s - a potion of heal wounds {unknown}
 u - a potion of might {unknown}
 v - a potion of flight {unknown}
 w - 2 potions of brilliance
 x - 3 potions of haste {unknown}
 I - a potion of lignification {unknown}
Books
 G - a book of Callings

   Spells                             Type                      Level
   a - Summon Small Mammal            Summoning                    1
   b - Call Imp                       Summoning                    2
   c - Call Canine Familiar           Summoning                    3
   d - Summon Guardian Golem          Hexes/Summoning              3
   e - Summon Lightning Spire         Summoning/Air                4
   f - Summon Ice Beast               Ice/Summoning                4
   Trog disapproves of the use of such an item.
Comestibles
 c - 2 bread rations
 f - 2 meat rations
 i - a royal jelly


   Skills:
 + Level 6.7 Fighting
 + Level 12.4 Axes
 - Level 3.1 Armour
 - Level 1.7 Dodging


You had 9 spell levels left.
You didn't know any spells.

Dungeon Overview and Level Annotations

Branches:
Dungeon (10/15)
 Temple: D:4-7         Lair: D:8-11         Orc: D:9-12

Altars:
Cheibriados
Dithmenos
Makhleb
Okawaru
Sif Muna
Trog

Shops:
D:5 :


Innate Abilities, Weirdness & Mutations

You have a pair of small horns on your head.
A weak demonic guardian rushes to your aid.
You regenerate health from kills.


Message History

The gnoll is almost dead.
The gnoll hits you with a halberd of electrocution.
You barely miss the gnoll.
The gnoll is severely wounded.
The gnoll hits you from afar with a halberd of electrocution!
You are electrocuted!
The gnoll barely misses you.
You hit the gnoll.
The gnoll is almost dead.
The gnoll hits you from afar with a halberd of electrocution!
You closely miss the gnoll. Your headbutt misses the gnoll.
The gnoll is almost dead.
The gnoll barely misses you.
You hit the gnoll but do no damage.
The gnoll is almost dead.
The gnoll hits you from afar with a halberd of electrocution.
You are electrocuted!
The gnoll hits you but does no damage.
You are electrocuted!
* * * LOW HITPOINT WARNING * * *
The gnoll hits you but does no damage.
You are electrocuted!
You die...

### ### ####
#∩###.###gg.#
##'##'##'#
##....@##
###.....###
#('..∩..'.#
###.†...###
#†.†..#
#'##'##+ #.#
#.# ## ###


You could see 2 gnolls.

Vanquished Creatures
  Harold (D:10)
  Pikel (D:8)
  Joseph (D:10)
  A troll (D:10)
  A two-headed ogre (D:9)
  Grum (D:8)
  4 wolves (D:8)
  A sky beast (D:10)
  A slave (D:8)
  An orc warrior (D:9)
  A water moccasin (D:5)
  An ice beast (D:7)
  A black bear (D:7)
  A phantom (D:5)
  An ogre (D:7)
  A giant frog (D:7)
  2 wyvern skeletons
  4 water moccasin zombies (Ossuary)
  8 wights
  4 crimson imps
  A giant frog zombie (D:5)
  5 orc wizards
  2 iguanas
  A giant frog skeleton (D:8)
  2 worker ants (D:4)
  2 big kobold zombies (Ossuary)
  2 mummies (Ossuary)
  A hound skeleton (D:5)
  3 adders
  A shadow imp (D:5)
  6 adder zombies (Ossuary)
  2 worms
  19 orcs
  2 gnoll zombies (Ossuary)
  4 hobgoblins
  6 jackals
  4 kobolds
  A quokka (D:6)
  A giant cockroach (D:3)
  A giant gecko (D:6)
  A giant gecko skeleton (D:6)
  A giant newt (D:3)
  5 hobgoblin zombies (Ossuary)
  6 orc zombies (Ossuary)
  A rat (D:1)
117 creatures vanquished.

Vanquished Creatures (collateral kills)
  Prince Ribbit (D:5)
  A hippogriff (D:7)
  A centaur (D:7)
  2 water moccasin zombies (Ossuary)
  A giant frog (D:6)
  A centaur zombie (D:7)
  A big kobold zombie (Ossuary)
8 creatures vanquished.

Grand Total: 125 creatures vanquished

Notes
Turn   | Place    | Note
--------------------------------------------------------------
     0 | D:1      | brucemayne the Demonspawn Berserker began the quest for the Orb.
     0 | D:1      | Reached XP level 1. HP: 18/18 MP: 1/1
   254 | D:4      | Noticed an orc wizard
   256 | D:4      | Noticed an orc wizard
   261 | D:4      | Gained mutation: You regenerate a little health from kills. [demonic ancestry]
   261 | D:4      | Reached XP level 2. HP: 20/24 MP: 2/2
   262 | D:4      | Killed an orc wizard
   262 | D:4      | Reached skill level 4 in Axes
   262 | D:4      | Reached XP level 3. HP: 23/29 MP: 3/3
   280 | D:4      | Killed an orc wizard
   330 | D:4      | Noticed a worker ant
   331 | D:4      | Noticed a wyvern skeleton
   345 | D:4      | Killed a wyvern skeleton
   345 | D:4      | Reached skill level 5 in Axes
   345 | D:4      | Gained mutation: You have a pair of small horns on your head. [demonic ancestry]
   345 | D:4      | Reached XP level 4. HP: 27/35 MP: 4/4
   348 | D:4      | Killed a worker ant
   348 | D:4      | Gained mutation: A weak demonic guardian rushes to your aid. [demonic ancestry]
   348 | D:4      | Reached XP level 5. HP: 34/41 MP: 5/5
   394 | D:4      | Noticed a worker ant
   412 | D:4      | Killed a worker ant
   452 | D:4      | Found a shadowy altar of Dithmenos.
   514 | D:3      | Reached ** piety under Trog
   706 | D:5      | Entered Level 5 of the Dungeon
   706 | D:5      | Noticed a water moccasin
   716 | D:5      | Killed a water moccasin
   716 | D:5      | Reached skill level 6 in Axes
   716 | D:5      | Reached XP level 6. HP: 47/47 MP: 6/6
   826 | D:5      | Found Haicwuim's Book Shoppe.
   869 | D:5      | Noticed Prince Ribbit
   974 | D:5      | Found a sand-covered staircase.
   980 | Ossuary  | Entered an ossuary
  1057 | Ossuary  | Reached skill level 7 in Axes
  1077 | Ossuary  | Reached XP level 7. HP: 52/52 MP: 7/7
  1147 | Ossuary  | Reached skill level 8 in Axes
  1213 | D:5      | Killed Prince Ribbit
  1315 | D:6      | Reached skill level 9 in Axes
  1315 | D:6      | Reached XP level 8. HP: 43/58 MP: 8/8
  1373 | D:6      | Found an iron altar of Okawaru.
  1478 | D:5      | Noticed a phantom
  1507 | D:5      | Killed a phantom
  1550 | D:7      | Reached skill level 10 in Axes
  1714 | D:7      | Found a bloodstained altar of Trog.
  1755 | D:7      | Found a deep blue altar of Sif Muna.
  2003 | D:8      | Noticed Grum
  2019 | D:8      | Reached skill level 11 in Axes
  2019 | D:8      | Gained mutation: You regenerate health from kills. [demonic ancestry]
  2019 | D:8      | Reached XP level 9. HP: 45/63 MP: 9/9
  2029 | D:8      | Killed Grum
  2087 | D:8      | Noticed Pikel
  2126 | D:8      | Killed Pikel
  2137 | D:8      | Found a burning altar of Makhleb.
  2138 | D:8      | Found a snail-covered altar of Cheibriados.
  2333 | D:10     | Entered Level 10 of the Dungeon
  2333 | D:10     | Noticed Harold
  2338 | D:10     | Noticed Joseph
  2343 | D:10     | Reached skill level 5 in Fighting
  2351 | D:10     | Killed Joseph
  2351 | D:10     | Reached skill level 12 in Axes
  2391 | D:9      | Reached XP level 10. HP: 56/76 MP: 10/10
  2490 | D:10     | Killed Harold
  2529 | D:10     | Found a flagged portal.
  2532 | D:10     | Reached *** piety under Trog
  2558 | Bailey   | Entered a bailey
  2606 | Bailey   | Slain by a gnoll

Vault maps used:
D:1:      saegor_arrival_simple_c, minmay_misc_feat_rows
D:3:      lemuel_castle_with_subvaults, uniq_iyjb, uniq_sigmund
D:4:      nicolae_dithmenos_through_a_glass_darkly, grunt_gozag_breadcrumbs
D:5:      ashenzari_conservatory_becter, kennysheep_mini,
          minmay_temple_entry_poolview, first_bread, serial_shops,
          nicolae_shop_crystal, nicolae_ossuary_entry_plus, bh_walls_and_bars,
          uniq_prince_ribbit1
D:6:      okawaru_trees_2
D:7:      overflow_temple_1_default, nicolae_overflow_crystal_walls,
          kennysheep_nondescript
D:8:      minitemple, uniq_grum, uniq_pikel
D:9:      lemuel_doored_altar, lair_0_dummy, serial_shops, shop_fountains,
          grunt_ogre_cave
D:10:     wad_cavern_with_rooms, orc_0_dummy, enter_bailey_8, uniq_joseph,
          uniq_harold
Ossuary:  ossuary_tomb_2
Bailey:   bailey_axe_2, bailey

Action                   |  1- 3 |  4- 6 |  7- 9 | 10-12 || total
-------------------------+-------+-------+-------+-------++-------
Melee: Hand axe          |    21 |    78 |       |       ||    99
       War axe           |       |    42 |   313 |    82 ||   437
Throw: Throwing net      |     1 |       |       |       ||     1
Invok: Berserk           |     3 |     2 |     3 |       ||     8
       Trog's Hand       |       |     1 |     3 |       ||     4
Evoke: Wand              |     2 |       |     2 |       ||     4
  Use: Scroll            |     3 |     2 |     3 |       ||     8
       Potion            |       |       |     1 |       ||     1
 Stab: Held in net/web   |       |     1 |       |       ||     1
       Invisible         |       |       |     3 |     2 ||     5
  Eat: Chunk             |       |     3 |     6 |       ||     9
       Bread ration      |       |     1 |       |       ||     1
       Pizza             |       |       |     1 |       ||     1
